 Dungeon Crawl Stone Soup version 0.27.1-1-g398f81649c (webtiles) character file.

Game seed: 5638660651996166741

160 SibleyIrresistible the Gusty (level 5, -8/28 HPs)
             Began as a Tengu Air Elementalist on Sept 12, 2021.
             Mangled by a mummy (11 damage)
             ... in an ossuary.
             The game lasted 00:17:56 (3173 turns).

SibleyIrresistible the Gusty (TeAE)                 Turns: 3173, Time: 00:17:57

Health: -8/28      AC:  3    Str:  9    XL:     5   Next: 41%
Magic:  0/9        EV: 14    Int: 16    God:
Gold:   144        SH:  0    Dex: 14    Spells: 2/8 levels left

rFire    . . .     SeeInvis .   (no weapon)
rCold    . . .     Faith    .   (no shield)
rNeg     . . .     Spirit   .   a - +0 robe
rPois    .         Reflect  .   (helmet restricted)
rElec    .         Harm     .   d - +0 cloak
rCorr    .         Rampage  .   (no gloves)
Will     .....                  (boots unavailable)
Stlth    ++........             (no amulet)
HPRegen  0.09/turn              (no ring)
MPRegen  0.11/turn              (no ring)

@: brilliant, flying quickly and evasively, studying Unarmed Combat, quick
A: beak, talons 3, nimble flight
a: no special abilities


You were in an ossuary.
You visited 1 branch of the dungeon, and saw 4 of its levels.
You also visited: Ossuary.

You collected 144 gold pieces.

Inventory:

Armour
 a - a +0 robe (worn)
 d - a +0 cloak (worn)
Scrolls
 b - 3 scrolls of teleportation
 c - 2 scrolls of identify {unknown}
 f - a scroll of enchant weapon {unknown}
 g - a scroll of fog {unknown}
 h - a scroll of noise {unknown}


   Skills:
 - Level 2.1 Dodging
 - Level 2.0 Stealth
 - Level 2.0 Spellcasting
 - Level 1.3 Conjurations
 * Level 7.8 Air Magic


You had 2 spell levels left.
You knew the following spells:

 Your Spells              Type           Power      Damage    Failure   Level
a - Shock                 Conj/Air       96%        1d9       3%          1
b - Swiftness             Air            40%        N/A       2%          3
c - Static Discharge      Conj/Air       24%        N/A       4%          2

Your spell library contained the following spells:

 Spells                   Type           Power      Damage    Failure   Level
 Magic Dart               Conj           32%        1d4       12%         1
 Blink                    Tloc           N/A        N/A       30%         2
 Call Imp                 Summ           2%         N/A       30%         2
 Airstrike                Air            20%        N/A       9%          4
 Mephitic Cloud           Conj/Pois/Air  17%        N/A       17%         3
 Manifold Assault         Tloc           2%         N/A       99%         5
 Storm Form               Tmut/Air       10%        N/A       100%        7


Dungeon Overview and Level Annotations

Branches:
Dungeon (4/15)            Ossuary (1/1)
 Temple: D:4-7

Altars:
Fedhas

Shops:
D:1 *

Annotations:
D:3 Sigmund


Innate Abilities, Weirdness & Mutations

You have a beak for a mouth.
You have claws for feet.
Your magical nature lets you fly swiftly and evasively.


Message History

The zap hits the mummy but does no damage.
The mummy is moderately damaged.
The zap hits the mummy.
The mummy is moderately damaged.
Your magical contamination has completely faded away.
You aren't carrying any items that you can evoke.
As you read the scroll labelled UXIHYX OPPY, it crumbles to dust.
You feel strangely unstable.
It was a scroll of teleportation.
Okay, then.
It was a potion of brilliance.
You feel clever all of a sudden.
You hit the mummy but do no damage. You peck the mummy.
The mummy is heavily damaged.
You hit the mummy but do no damage.
The mummy is heavily damaged.
Your surroundings suddenly seem different.
A mummy comes into view.
Casting: Shock (safe; 3% risk of failure)
Confirm with . or Enter, or press ? or * to list all spells.
Aiming: Shock (safe; 3% risk of failure)
Press: ? - help, Shift-Dir - straight line, f - mummy
Aim: a mummy (heavily damaged, 88% to hit)
You feel a surge of power!
The zap hits the mummy.
The mummy is moderately damaged.
The zap misses the mummy.
The mummy hits you.
You barely miss the mummy. You claw the mummy.
The mummy is severely damaged.
The mummy barely misses you.
You barely miss the mummy.
The mummy is severely damaged.
The mummy hits you!
Ouch! That really hurt!
The mummy barely misses you.
You hit the mummy. You claw the mummy.
The mummy is almost destroyed.
The mummy hits you!
* * * LOW HITPOINT WARNING * * *
The mummy hits you!
You die...

...............#
..........Z..
#........#
#......#
##....## #....#
#...Z# #....#
#..M@# #..MM#
#....# #....#
#.∩∩.# ######


You could see 3 mummies and a hobgoblin zombie.

Vanquished Creatures
  A jelly (D:3)
  A bullfrog skeleton (D:3)
  3 adders (D:3)
  3 worms
  5 ball pythons
  3 endoplasms
  2 giant cockroaches
  2 gnoll zombies (Ossuary)
  6 goblins
  A hobgoblin (D:3)
  8 jackals
  A quokka (D:1)
  8 bats
  6 frilled lizards
  A goblin zombie (D:4)
  2 hobgoblin zombies (Ossuary)
  A jackal zombie (D:4)
  4 kobolds
  2 kobold zombies (Ossuary)
  An orc zombie (Ossuary)
  8 rats
69 creatures vanquished.

Vanquished Creatures (others)
  2 plants (D:3)
2 creatures vanquished.

Grand Total: 71 creatures vanquished

Notes
Turn   | Place    | Note
-------+----------+-------------------------------------------
     0 | D:1      | SibleyIrresistible the Tengu Air Elementalist began the
                  | quest for the Orb.
     0 | D:1      | Reached XP level 1. HP: 10/10 MP: 4/4
   212 | D:1      | Reached XP level 2. HP: 15/15 MP: 3/6
   346 | D:1      | Reached skill level 5 in Air Magic
   735 | D:1      | Found Xoragomie's Assorted Antiques.
  1060 | D:2      | Reached XP level 3. HP: 19/19 MP: 2/7
  1426 | D:2      | Found a faded altar of an unknown god.
  1854 | D:2      | Reached skill level 6 in Air Magic
  2145 | D:3      | Noticed Sigmund
  2250 | D:3      | Reached XP level 4. HP: 24/24 MP: 3/8
  2254 | D:3      | Learned a level 3 spell: Swiftness
  2257 | D:3      | Learned a level 2 spell: Static Discharge
  2508 | D:3      | Reached skill level 7 in Air Magic
  2757 | D:3      | Gained mutation: Your magical nature lets you fly swiftly
                  | and evasively. [Tengu growth]
  2757 | D:3      | Reached XP level 5. HP: 28/28 MP: 6/9
  2892 | D:3      | Found a blossoming altar of Fedhas.
  3049 | D:4      | Found a sand-covered staircase.
  3064 | Ossuary  | Entered an ossuary
  3173 | Ossuary  | Mangled by a mummy

Illustrated notes

Levels and vault maps discovered:
D:1:      dpeg_arrival_court, layout_basic, serial_shops,
          nicolae_shop_statue_plus
D:2:      layout_loops_corners, shapermc_ecumenical_altar_starsandcircs,
          chequers_serial_rivers_large_b
D:3:      layout_loops_ring, fedhas_altar_1, saegor_snake_ambush, uniq_sigmund
D:4:      layout_cave_pools, enter_ossuary_3, minmay_misc_feat_enclosed,
          hangedman_feature_mirror, grunt_decor_clamped
Ossuary:  ossuary_tomb_3

Skill      XL: |  1  2  3  4 |
---------------+-------------+-----
Air Magic      | 5 6 7 |  7.8
Dodging        | |  2.1
Stealth        | |  2.0
Spellcasting   | |  2.0
Conjurations   | |  1.3

Action                   |  1- 3 |  4- 6 || total
-------------------------+-------+-------++-------
Melee: Unarmed           |    31 |    18 ||    49
       Kick              |     3 |     8 ||    11
       Peck              |     3 |     4 ||     7
 Cast: Shock             |    94 |    49 ||   143
  Use: Scroll            |       |     1 ||     1
       Potion            |       |     1 ||     1
Armor: Robe              |    16 |     8 ||    24
Dodge: Dodged            |    30 |    18 ||    48
